Workbook
Name datafineprogetto: [1]riepilogo!$C$6
Name datainizioprogetto: [1]riepilogo!$C$5
Name materiali: '[1]g)materiali'!$K$20
Name materiali2: #REF!
Name materiali2: #REF!
Name materialiammessi: '[1]g)materiali'!$U$20
Name materialiammessi2: #REF!
Name materialiammessi2: #REF!
Name ore: '[1]ab)personale'!$G$31
Name oreammesse: '[1]ab)personale'!$U$31
Name oreoperai: '[1]ab)personale'!$G$45
Name oreoperaiammesse: '[1]ab)personale'!$U$45
Name percentuale: '[1]c)spesegenerali'!$J$7
Name percentualeammessa: '[1]c)spesegenerali'!$Q$7
Name prelievi: '[1]g)materiali'!$K$28
Name prelievi2: #REF!
Name prelievi2: #REF!
Name prelieviammessi: '[1]g)materiali'!$U$28
Name prelieviammessi2: #REF!
Name prelieviammessi2: #REF!
Name pswattiva: riepilogo!#REF!
Name pswattiva: riepilogo!#REF!
Name scelta: riepilogo!#REF!
Name sceltaspecifica: riepilogo!#REF!
Name sceltaspecifica: riepilogo!#REF!
Name tariffe: [1]riepilogo!$B$46:$B$49
Name tipopagamento: [1]riepilogo!$A$46:$A$53
Name titoloriepilogo1: [1]riepilogo!$B$2

Sheet riepilogo
A1: ATTENZIONE: - compilare le celle a fondo colorato e salvare il file con estensione xlsx - a seconda del tipo di beneficiario (art.2, co.3 del bando) è necessario compilare il foglio "progetti NUOVI" oppure il foglio "progetti già AVVIATI"
B2: QUADRO ECONOMICO RIEPILOGATIVO DELLA SPESA
B3: distretto del commercio
B6: progetto
B9: voce di spesa | F9: totale
B10: ='progetti NUOVI'!B7 -> INVESTIMENTO AVVIO PROGETTO | C10: ='progetti NUOVI'!B8 -> a) Spese investimento pubblico infrastrutturazione urbana | F10: ='progetti NUOVI'!D14 -> 0
C11: ='progetti NUOVI'!B15 -> b) attività di marketing del distretto del commercio, compresa l’animazione urbana | F11: ='progetti NUOVI'!D20 -> 0
C12: ='progetti NUOVI'!B21 -> c) interventi a favore delle imprese | F12: ='progetti NUOVI'!D23 -> 0
B13: ='progetti NUOVI'!B26 -> SPESE CORRENTI AVVIO PROGETTO | C13: ='progetti NUOVI'!B28 -> spese di progettazione | F13: ='progetti NUOVI'!D29 -> 0
B14: Distretti di nuova costituzione che non hanno beneficiato degli incentivi del bando 2023 | F14: =SUM(F10:F13) -> 0
B16: ='progetti già AVVIATI'!B7 -> SPESE CORRENTI AGGIORNAMENTO E POTENZIAMENTO | C16: ='progetti già AVVIATI'!B8 -> attività di marketing del distretto del commercio, compresa l’animazione urbana | F16: ='progetti già AVVIATI'!D13 -> 0
B17: Distretti che hanno già ottenuto un incentivo a valere sul precedente bando 2023 | F17: =F16 -> 0
B18: =IF(AND(F14<>0,F17<>0),"inserire le spese in un solo tipo progetto: distretti di nuova costituzione o distretti che hanno già ottenuto l'incentivo","")
E19: totale spese potenzialmente ammissibili | F19: =IF(OR(AND(F14=0,F17=0),(AND(F14>0,F17>0))),0,IF(F14>0,F14,F17)) -> 0
B20: =IF(AND(F14<>0,F17<>0),"ATTENZIONE","")
C21: componenti del calcolo del contributo potenziale | E21: % | F21: importo
C22: contributo investimenti avvio progetto (max 500.000) | E22: 0.5 | F22: =IF(F19=0,"",IF(SUM(F10:F12)*E22>500000,500000,SUM(F10:F12)*E22)) | G22: =IF(F22="","",IF(SUM(F10:F12)*E22>500000,"ATTENZIONE: il contributo è stato ricondotto al limite massimo di 500.000 euro",""))
C23: contributo spese correnti avvio progetto (max 100.000) | E23: 0.1 | F23: =IF(F19=0,"",IF(IF(F13>SUM(F10:F12)/10,SUM(F10:F12)/10,F13)>100000,100000,IF(F13>SUM(F10:F12)/10,SUM(F10:F12)/10,F13))) | G23: =IF(IF(F13>SUM(F10:F12)/10,SUM(F10:F12)/10,F13)>100000,"ATTENZIONE: il contributo è stato ricondotto al limite massimo di 100.000 euro","")
C24: contributo spese correnti aggiornamento/potenziamento (max 10.000) | E24: 0.7 | F24: =IF(F19=0,"",IF(F17*0.7>10000,10000,F17*0.7))
E25: totale massimo contributo potenziale richiedibile | F25: =IF(SUM(F22:F24)=0,"",SUM(F22:F24))
B26: La domanda è firmata digitalmente. La sottoscrizione digitale apposta sul documento elettronico si intende apposta anche al presente documento che dettaglia il quadro economico del progetto e che fa parte integrante della domanda di contributo
F27: vers. 1/2026

Sheet progetti NUOVI
A1: a | B1: letta | H1: QUADRO ECONOMICO _Dettaglio spese relative al progetto
B3: LR 3/2021, art.10, c.6 e art. 13, c. 2-3 Fondo per lo sviluppo dei distretti del commercio SEZIONE 2 DEL BANDO_ Distretti di nuova costituzione che non hanno beneficiato degli incentivi con precedenti bandi
B5: progetto | C5: soggetto attuatore (comune di../altro soggetto) | D5: totale importo spesa | E5: importo* anno 2026 | F5: importo* anno 2027 | G5: importo* anno 2028 | H5: importo* anno 2029
H6: * indicare gli importi divisi per annualità, al netto IVA detraibile o lordo IVA se indetraibile
B7: INVESTIMENTO AVVIO PROGETTO
A8: b | B8: a) Spese investimento pubblico infrastrutturazione urbana
A9: 1 | B9: Banda larga | D9: =SUM(E9:H9) -> 0
A10: 2 | B10: Rinnovo ambiente e arredo urbano | D10: =SUM(E10:H10) -> 0
A11: 3 | B11: Riqualificazione aree pubblicheper sagre, fiere e mercati | D11: =SUM(E11:H11) -> 0
A12: 4 | B12: Mobilità sostenibile | D12: =SUM(E12:H12) -> 0
A13: 5 | B13: Forestazione urbana | D13: =SUM(E13:H13) -> 0
A14: n. | C14: totali | D14: =SUM(E14:H14) -> 0 | E14: =SUM(E9:E13) -> 0 | F14: =SUM(F9:F13) -> 0 | G14: =SUM(G9:G13) -> 0 | H14: =SUM(H9:H13) -> 0
A15: c | B15: b) attività di marketing del distretto del commercio, compresa l’animazione urbana
A16: 1 | B16: Logo | D16: =SUM(E16:H16) -> 0
A17: 2 | B17: Piano di comunicazione, calendario eventi(sito -video) | D17: =SUM(E17:H17) -> 0
A18: 3 | B18: Servizi complementari eventi | D18: =SUM(E18:H18) -> 0
A19: 4 | B19: Animazione urbana | D19: =SUM(E19:H19) -> 0
A20: n. | C20: totali | D20: =SUM(E20:H20) -> 0 | E20: =SUM(E16:E19) -> 0 | F20: =SUM(F16:F19) -> 0 | G20: =SUM(G16:G19) -> 0 | H20: =SUM(H16:H19) -> 0
A21: d | B21: c) interventi a favore delle imprese
A22: 1 | B22: Bando imprese | D22: =SUM(E22:H22) -> 0
A23: n. | C23: totali | D23: =SUM(E23:H23) -> 0 | E23: =SUM(E22:E22) -> 0 | F23: =SUM(F22:F22) -> 0 | G23: =SUM(G22:G22) -> 0 | H23: =SUM(H22:H22) -> 0
D24: =IF(SUM(E24:H24)=0,"",SUM(E24:H24))
C25: TOTALE INVESTIMENTI | D25: =SUM(D14+D20+D23) -> 0 | E25: =SUM(E14+E20+E23) -> 0 | F25: =SUM(F14+F20+F23) -> 0 | G25: =SUM(G14+G20+G23) -> 0 | H25: =SUM(H14+H20+H23) -> 0
B26: SPESE CORRENTI AVVIO PROGETTO | D26: =IF(SUM(E26:H26)=0,"",SUM(E26:H26))
D27: =IF(SUM(E27:H27)=0,"",SUM(E27:H27))
A28: 1 | B28: spese di progettazione | D28: =SUM(E28:H28) -> 0
C29: totali | D29: =SUM(E29:H29) -> 0 | E29: =SUM(E28:E28) -> 0 | F29: =SUM(F28:F28) -> 0 | G29: =SUM(G28:G28) -> 0 | H29: =SUM(H28:H28) -> 0
D30: =IF(SUM(E30:H30)=0,"",SUM(E30:H30))
C31: TOTALE SPESE CORRENTI | D31: =D29 -> 0

Sheet progetti già AVVIATI
A1: a | B1: letta | H1: QUADRO ECONOMICO_ Dettaglio spese relative al progetto
B3: LR 3/2021, art.10, c.6 e art. 13, c. 2-3 Fondo per lo sviluppo dei distretti del commercio SEZIONE 3 DEL BANDO_Distretti che hanno già ottenuto un incentivo a valere su precedenti bandi
B5: progetto | C5: soggetto attuatore | D5: totale importo spesa | E5: importo* anno 2026 | F5: importo* anno 2027 | G5: importo* anno 2028 | H5: importo* anno 2029
H6: * indicare gli importi divisi per annualità, al netto IVA detraibile o lordo IVA se indetraibile
B7: SPESE CORRENTI AGGIORNAMENTO E POTENZIAMENTO
A8: a | B8: attività di marketing del distretto del commercio, compresa l’animazione urbana
A9: 1 | B9: Logo | D9: =SUM(E9:H9) -> 0
A10: 2 | B10: Piano di comunicazione, calendario eventi (sito -video) | D10: =SUM(E10:H10) -> 0
A11: 3 | B11: Servizi complementari eventi | D11: =SUM(E11:H11) -> 0
A12: 4 | B12: Animazione urbana | D12: =SUM(E12:H12) -> 0
C13: totali | D13: =SUM(D9:D12) -> 0 | E13: =SUM(E9:E12) -> 0 | F13: =SUM(F9:F12) -> 0 | G13: =SUM(G9:G12) -> 0 | H13: =SUM(H9:H12) -> 0
C15: TOTALE SPESE CORRENTI | D15: =D13 -> 0
